Ozma777, chaotic female vampiric Convict ..... ......| ..GG...---. ..G@_...... ..h..)..... --..)<.... ---...--- |...| --.. Ozma777 the Jail-bird Experience level: 6 Strength: 12 Dexterity: 12 Constitution: 18 Intelligence: 11 Wisdom: 9 Charisma: 10 Health: 0(65) Energy: 31(31) AC: 10 Gold: 997 Moves: 2559 Your Inventory: Coins $ - 997 gold pieces Amulets g - an [uncursed] warped amulet [of ESP] Armor b - a cursed +0 striped shirt (being worn) Comestibles h - an [uncursed] lichen corpse n - an [uncursed] mango r - 5 [uncursed] food rations D - an [uncursed] tin [of spinach] H - an [uncursed] tripe ration Scrolls p - an [uncursed] scroll labeled FNORD [of identify] s - an [uncursed] scroll labeled DAIYEN FOOELS [of teleportation] u - an [uncursed] scroll labeled NR 9 [of light] v - an [uncursed] scroll labeled GARVEN DEH [of destroy armor] w - 2 [uncursed] scrolls labeled HACKEM MUCHE [of create monster] y - a [cursed] scroll labeled PRATYAVAYAH [of magic mapping] Potions j - an [uncursed] viscous potion [of levitation] m - a [blessed] viscous potion [of levitation] q - a [cursed] fizzy potion [of fruit juice] Rings B - an [uncursed] platinum ring [of invisibility] C - an [uncursed] topaz ring [of poison resistance] O - a [cursed -1] pearl ring [of gain intelligence] Tools A - an [uncursed +0] pick-axe G - an [uncursed tallow] candle K - an [uncursed] brass lantern (lit) Gems i - an [uncursed] red gem [worthless glass] k - 4 [uncursed] black gems [worthless glass] o - 3 [uncursed] blue gems [worthless glass] t - 3 [uncursed] orange gems [worthless glass] z - an [uncursed] yellowish brown gem [worthless glass] E - an [uncursed] stone called not a loadstone [flint] I - an [uncursed] green gem [emerald] J - an [uncursed] red gem [jasper] L - an [uncursed] red gem [garnet] M - an [uncursed] white gem [worthless glass] N - an [uncursed] white gem [dilithium crystal] Iron balls c - an [uncursed] heavy iron ball (chained to you) (weapon in hand) Spells known in the end: Name Level Category Fail Memory Your skills at the end: Fighting Skills Weapon Skills sling [Basic / Skilled] Spellcasting Skills Final Attributes: You were piously aligned. Hunger level was -3. Your alignment was 22 / 22. Monster difficulty range was 1 - 6. Level difficulty was 7. You were immune to level-drain. You were immune to sickness. You were punished. You could fly. You could survive without air. You regenerated. Your luck was zero. You are dead. Vanquished creatures: a shrieker 4 gnome lords a kitten 4 dwarves a dwarf zombie a werejackal a gas spore 2 hobbits a giant rat a yellow mold a green mold 11 gnomes 3 geckos 5 jackals a kobold a goblin 10 grid bugs 3 lichens 3 kobold zombies 2 newts 57 creatures vanquished. Voluntary challenges: You never hit with a wielded weapon. You read items or engraved 1 time. You put on armor 1 time. You never genocided any monsters. You never polymorphed an object. You never changed form. You used no wishes. You never wrote Elbereth's name. You never encountered a bones level. You never used any Sokoban shortcuts. Dungeon overview: The Dungeons of Doom: levels 1 to 4 Level 1 an altar a long staircase Level 2 a general store Level 3 an armor shop Level 4 stairs to The Gnomish Mines The Gnomish Mines: levels 5 to 7 Level 5 stairs to The Dungeons of Doom Level 7 <- You were here History has recorded: On T:1 you entered the Dungeons of Doom to retrieve the Amulet of Yendor! On T:447 you reached level 2 of The Dungeons of Doom. On T:483 you advanced to experience level 2. On T:768 you advanced to experience level 3. On T:975 you reached level 3 of The Dungeons of Doom. On T:1035 you advanced to experience level 4. On T:1076 you reached level 4 of The Dungeons of Doom. On T:1537 you advanced to experience level 5. On T:1722 you reached level 1 of The Gnomish Mines. On T:1843 you advanced to experience level 6. On T:2137 you reached level 2 of The Gnomish Mines. On T:2170 you reached level 3 of The Gnomish Mines. Latest messages: You miss the gnome lord. You bite the gnome lord. You faint from lack of food. [HP+1=57] The dwarf wields a broad short sword! The gnome lord hits! The gnome hits! [HP-9=48] The gnome lord hits! The gnome hits! (2x) [HP-10=38] The gnome lord hits! [HP-1=37] The dwarf thrusts her broad short sword. The dwarf hits! The gnome lord hits! The gnome hits! (2x) [HP-23=14] The dwarf thrusts her broad short sword. The dwarf hits! The gnome lord hits! The gnome hits! You die... Final status: Goodbye Ozma777 the Convict... You died in The Gnomish Mines on dungeon level 7 with 2454 points, and 997 pieces of gold, after 2559 moves. You were level 6 with a maximum of 65 hit points when you died.